ORI
COASTAL CAROLINA UNIVERSITY CHANTICLEERS @ UNIVERSITY OF MINNESOTA GOLDEN GOPHERS
12/18/2045
 
TOP OF THE 1ST
Coastal Carolina University Chanticleers batting - Pitching for University of Minnesota Golden Gophers : LHP Ismael Flores
Pitching: LHP Ismael Flores
Batting: RHB Mennad Maalik 0-0: Swinging Strike
0-1: Ball
1-1: Swinging Strike
1-2: Ball
2-2: Strikes out swinging
Batting: RHB Justin Klein 0-0: Ball
1-0: Ground out 5-3 (Groundball, 56, EV 83.1 MPH)
Batting: RHB Masakuni Takeuchi 0-0: Ball
1-0: Foul Ball, location: 2F
1-1: Foul Ball, location: 2F
1-2: Ball
2-2: DOUBLE (Flyball, 78XD, EV 95.0 MPH)
Batting: RHB Ji-an See-to 0-0: Called Strike
0-1: Ground out 6-3 (Groundball, 56, EV 105.6 MPH)
Top of the 1st over - 0 runs, 1 hit, 0 errors, 1 left on base; Coastal Carolina University 0 - University of Minnesota 0
BOTTOM OF THE 1ST
University of Minnesota Golden Gophers batting - Pitching for Coastal Carolina University Chanticleers : RHP Jim Eisinger
Pitching: RHP Jim Eisinger
Batting: RHB Antonio Martinez 0-0: Ball
1-0: Ground out 4-3 (Groundball, 34, EV 85.0 MPH)
Batting: LHB Justin Conley 0-0: Ball
1-0: Ball
2-0: Swinging Strike
2-1: Called Strike
2-2: Strikes out looking
Batting: LHB David Kyle 0-0: Ball
1-0: Foul Ball, location: 2F
1-1: Ball
2-1: DOUBLE (Line Drive, 7LM, EV 102.5 MPH)
Batting: SHB Arihito Hiramoto 0-0: Called Strike
0-1: Ground out 4-3 (Groundball, 4S, EV 86.2 MPH)
Bottom of the 1st over - 0 runs, 1 hit, 0 errors, 1 left on base; Coastal Carolina University 0 - University of Minnesota 0
TOP OF THE 2ND
Coastal Carolina University Chanticleers batting - Pitching for University of Minnesota Golden Gophers : LHP Ismael Flores
Batting: RHB Hidemitsu Matsuno 0-0: Called Strike
0-1: Foul Ball, location: 2F
0-2: Strikes out swinging
Batting: RHB Cruz Castro 0-0: Fly out, F8 (Flyball, 8LM, EV 75.0 MPH)
Batting: RHB Dennis Bennett 0-0: SINGLE (Groundball, 6D, EV 101.2 MPH)
Batting: RHB Mario Martinez 0-0: Called Strike
0-1: Swinging Strike
0-2: Foul Ball, location: 2F
0-2: Ball
1-2: DOUBLE (Flyball, 78XD, EV 103.8 MPH)
Dennis Bennett to third
Batting: RHB Chris Marcellus 0-0: Called Strike
0-1: Fly out, F8 (Flyball, 78D, EV 98.8 MPH)
Top of the 2nd over - 0 runs, 2 hits, 0 errors, 2 left on base; Coastal Carolina University 0 - University of Minnesota 0
BOTTOM OF THE 2ND
University of Minnesota Golden Gophers batting - Pitching for Coastal Carolina University Chanticleers : RHP Jim Eisinger
Batting: SHB J.D. Newman 0-0: Ball
1-0: Foul Ball, location: 2F
1-1: Ball
2-1: DOUBLE (Flyball, 8LXD, EV 112.5 MPH)
Batting: RHB Kasey Sands 0-0: Ground out 5-3 (Groundball, 56S, EV 83.8 MPH)
Batting: RHB Mario Mata 0-0: Ball
1-0: Called Strike
1-1: Foul Ball, location: 2F
1-2: Foul Ball, location: 2F
1-2: Foul Ball, location: 2F
1-2: Fly out, F9 (Flyball, 9, EV 75.6 MPH)
Runner from 2nd tags up, SAFE at 3rd with throw by RF
Batting: LHB Moriaki Saito 0-0: Called Strike
0-1: Swinging Strike
0-2: Strikes out looking
Bottom of the 2nd over - 0 runs, 1 hit, 0 errors, 1 left on base; Coastal Carolina University 0 - University of Minnesota 0
TOP OF THE 3RD
Coastal Carolina University Chanticleers batting - Pitching for University of Minnesota Golden Gophers : LHP Ismael Flores
Batting: RHB Mennad Maalik 0-0: Called Strike
0-1: Ball
1-1: DOUBLE (Line Drive, 89D, EV 114.4 MPH) - OUT at third base trying to stretch hit.
Batting: RHB Justin Klein 0-0: Ground out 5-3 (Groundball, 56, EV 104.4 MPH)
Batting: RHB Masakuni Takeuchi 0-0: Ball
1-0: Swinging Strike
1-1: Ball
2-1: Fly out, F7 (Flyball, 7D, EV 103.1 MPH)
Top of the 3rd over - 0 runs, 1 hit, 0 errors, 0 left on base; Coastal Carolina University 0 - University of Minnesota 0
BOTTOM OF THE 3RD
University of Minnesota Golden Gophers batting - Pitching for Coastal Carolina University Chanticleers : RHP Jim Eisinger
Batting: RHB Tim Starks 0-0: Ball
1-0: SOLO HOME RUN (Flyball, 9D, EV 96.9 MPH), Distance : 369 ft
Batting: RHB Antonio Martinez 0-0: DOUBLE (Flyball, 8RD, EV 96.2 MPH)
Batting: LHB Justin Conley 0-0: Ball
1-0: Swinging Strike
Passed Ball!
Antonio Martinez to third
1-1: Ball
2-1: Fly out, F7 (Flyball, 7D, EV 87.5 MPH)
Runner from 3rd tags up, SCORES, no throw by LF
Batting: LHB David Kyle 0-0: SOLO HOME RUN (Flyball, 9D, EV 98.8 MPH), Distance : 363 ft
Batting: SHB Arihito Hiramoto 0-0: Ground out 3-1 (Groundball, 34, EV 85.0 MPH)
Batting: SHB J.D. Newman 0-0: Called Strike
0-1: DOUBLE (Flyball, 8LXD, EV 100.0 MPH)
Batting: RHB Kasey Sands 0-0: Ball
1-0: Ball
Wild Pitch!
J.D. Newman to third
2-0: Ball
3-0: Foul Ball, location: 2F
3-1: Called Strike
3-2: 2-RUN HOME RUN (Flyball, 7D, EV 96.9 MPH), Distance : 383 ft
Batting: RHB Mario Mata 0-0: Foul Ball, location: 2F
0-1: SINGLE (Line Drive, 7LS, EV 91.9 MPH)
Batting: LHB Moriaki Saito 0-0: Ball
1-0: Foul Ball, location: 2F
1-1: Foul Ball, location: 2F
1-2: Ball
2-2: Ball
3-2: Foul Ball, location: 2F
3-2: Base on Balls
Mario Mata to second
Batting: RHB Tim Starks 0-0: Foul Ball, location: 2F
0-1: Swinging Strike
0-2: Fielders Choice at 2nd, 6-4 (Groundball, 6, EV 91.2 MPH)
Bottom of the 3rd over - 5 runs, 6 hits, 0 errors, 2 left on base; Coastal Carolina University 0 - University of Minnesota 5
TOP OF THE 4TH
Coastal Carolina University Chanticleers batting - Pitching for University of Minnesota Golden Gophers : LHP Ismael Flores
Batting: RHB Ji-an See-to 0-0: Called Strike
0-1: Ball
1-1: Called Strike
1-2: Strikes out swinging
Batting: RHB Hidemitsu Matsuno 0-0: Ball
1-0: Ball
2-0: Foul Ball, location: 2F
2-1: Swinging Strike
2-2: Foul Ball, location: 2F
2-2: Ball
3-2: Base on Balls
Batting: RHB Cruz Castro 0-0: Called Strike
0-1: Fly out, F7 (Flyball, 7, EV 91.9 MPH)
Batting: RHB Dennis Bennett 0-0: DOUBLE (Line Drive, 78D, EV 104.4 MPH)
Hidemitsu Matsuno to third
Runner from 3rd tries for Home, SAFE, throw by CF to home
Batting: RHB Mario Martinez 0-0: Ball
Wild Pitch!
Dennis Bennett to third
1-0: Called Strike
1-1: Foul Ball, location: 2F
1-2: SINGLE (Flyball, 3D, EV 91.9 MPH)
Dennis Bennett scores
Batting: RHB Chris Marcellus 0-0: Foul Ball, location: 2F
0-1: Ball
1-1: Swinging Strike
1-2: Strikes out looking
Top of the 4th over - 2 runs, 2 hits, 0 errors, 1 left on base; Coastal Carolina University 2 - University of Minnesota 5
BOTTOM OF THE 4TH
University of Minnesota Golden Gophers batting - Pitching for Coastal Carolina University Chanticleers : RHP Jim Eisinger
Batting: RHB Antonio Martinez 0-0: Called Strike
0-1: Foul Ball, location: 2F
0-2: Ground out 5-3 (Groundball, 56, EV 83.1 MPH)
Batting: LHB Justin Conley 0-0: Called Strike
0-1: Called Strike
0-2: Strikes out swinging
Pitching: RHP Melchior Hartman
Batting: LHB David Kyle 0-0: Ball
1-0: Fly out, F7 (Flyball, 7D, EV 86.2 MPH)
Bottom of the 4th over - 0 runs, 0 hits, 0 errors, 0 left on base; Coastal Carolina University 2 - University of Minnesota 5
TOP OF THE 5TH
Coastal Carolina University Chanticleers batting - Pitching for University of Minnesota Golden Gophers : LHP Ismael Flores
Batting: RHB Mennad Maalik 0-0: Fly out, F8 (Line Drive, 89M, EV 103.1 MPH)
Batting: RHB Justin Klein 0-0: Ball
1-0: Ground out 5-3 (Groundball, 5, EV 82.5 MPH)
Batting: RHB Masakuni Takeuchi 0-0: Ball
1-0: Ground out 5-3 (Groundball, 56, EV 86.9 MPH)
Top of the 5th over - 0 runs, 0 hits, 0 errors, 0 left on base; Coastal Carolina University 2 - University of Minnesota 5
BOTTOM OF THE 5TH
University of Minnesota Golden Gophers batting - Pitching for Coastal Carolina University Chanticleers : RHP Melchior Hartman
Batting: SHB Arihito Hiramoto 0-0: Ball
1-0: Foul Ball, location: 2F
1-1: SINGLE (Groundball, 34D, EV 100.6 MPH)
Batting: SHB J.D. Newman 0-0: Called Strike
0-1: Called Strike
0-2: Ball
Passed Ball!
Arihito Hiramoto to second
1-2: Ball
2-2: Ground out 5-3 (Groundball, 56S, EV 62.5 MPH)
Arihito Hiramoto to third
Batting: RHB Kasey Sands 0-0: Ground out 6-3 (Groundball, 6, EV 86.9 MPH)
Arihito Hiramoto scores
Batting: RHB Mario Mata 0-0: Ball
1-0: Called Strike
1-1: Ball
2-1: Ball
3-1: Base on Balls
Batting: LHB Moriaki Saito 0-0: Called Strike
0-1: SINGLE (Groundball, 4D, EV 95.0 MPH)
Mario Mata to second
Batting: RHB Tim Starks 0-0: Fielders Choice at 2nd, 6-4 (Groundball, 56, EV 81.2 MPH)
Bottom of the 5th over - 1 run, 2 hits, 0 errors, 2 left on base; Coastal Carolina University 2 - University of Minnesota 6
TOP OF THE 6TH
Coastal Carolina University Chanticleers batting - Pitching for University of Minnesota Golden Gophers : LHP Ismael Flores
Batting: RHB Ji-an See-to 0-0: Ball
1-0: Ball
2-0: Ball
3-0: Called Strike
3-1: Base on Balls
Batting: RHB Hidemitsu Matsuno 0-0: Ball
1-0: Foul Ball, location: 2F
1-1: Swinging Strike
1-2: Strikes out swinging
Batting: RHB Cruz Castro 0-0: Called Strike
0-1: Foul Ball, location: 2F
0-2: Fielders Choice at 2nd, 3-6 (Groundball, 3, EV 86.9 MPH)
Batting: RHB Dennis Bennett 0-0: Called Strike
0-1: Called Strike
0-2: Fly out, F7 (Flyball, 7, EV 92.5 MPH)
Top of the 6th over - 0 runs, 0 hits, 0 errors, 1 left on base; Coastal Carolina University 2 - University of Minnesota 6
BOTTOM OF THE 6TH
University of Minnesota Golden Gophers batting - Pitching for Coastal Carolina University Chanticleers : RHP Melchior Hartman
Batting: RHB Antonio Martinez 0-0: Ball
1-0: Ball
2-0: Called Strike
2-1: Ball
3-1: Swinging Strike
3-2: Foul Ball, location: 2F
3-2: Strikes out looking
Batting: LHB Justin Conley 0-0: Called Strike
0-1: Ball
1-1: Swinging Strike
1-2: Ground out 4-3 (Groundball, 4, EV 103.1 MPH)
Batting: LHB David Kyle 0-0: Ball
1-0: Called Strike
1-1: Called Strike
1-2: Strikes out looking
Bottom of the 6th over - 0 runs, 0 hits, 0 errors, 0 left on base; Coastal Carolina University 2 - University of Minnesota 6
TOP OF THE 7TH
Coastal Carolina University Chanticleers batting - Pitching for University of Minnesota Golden Gophers : LHP Ismael Flores
Batting: RHB Mario Martinez 0-0: Foul Ball, location: 2F
0-1: Foul Ball, location: 2F
0-2: Strikes out looking
Batting: RHB Chris Marcellus 0-0: Called Strike
0-1: Fly out, F9 (Line Drive, 89S, EV 95.0 MPH)
Batting: RHB Mennad Maalik 0-0: Called Strike
0-1: Foul Ball, location: 2F
0-2: Ground out 4-3 (Groundball, 4, EV 106.9 MPH)
Top of the 7th over - 0 runs, 0 hits, 0 errors, 0 left on base; Coastal Carolina University 2 - University of Minnesota 6
BOTTOM OF THE 7TH
University of Minnesota Golden Gophers batting - Pitching for Coastal Carolina University Chanticleers : RHP Melchior Hartman
Batting: SHB Arihito Hiramoto 0-0: Ball
1-0: Ball
2-0: SINGLE (Groundball, 34D, EV 96.9 MPH)
Batting: SHB J.D. Newman 0-0: Called Strike
0-1: Foul Ball, location: 2F
0-2: Ball
1-2: Ball
2-2: Fielders Choice at 2nd, 6-4 (Groundball, 6MS, EV 93.8 MPH)
Batting: RHB Kasey Sands 0-0: Foul Ball, location: 2F
0-1: Ball
1-1: Foul Ball, location: 2F
1-2: Grounds into double play, 4-6-3 (Groundball, 4, EV 95.0 MPH)
Bottom of the 7th over - 0 runs, 1 hit, 0 errors, 0 left on base; Coastal Carolina University 2 - University of Minnesota 6
TOP OF THE 8TH
Coastal Carolina University Chanticleers batting - Pitching for University of Minnesota Golden Gophers : LHP Ismael Flores
Batting: RHB Justin Klein 0-0: Ball
1-0: Ball
2-0: Foul Ball, location: 2F
2-1: Foul Ball, location: 2F
2-2: SINGLE (Groundball, 6MD, EV 108.8 MPH)
Batting: RHB Masakuni Takeuchi 0-0: Called Strike
0-1: Ball
1-1: 2-RUN HOME RUN (Flyball, 9D, EV 100.6 MPH), Distance : 362 ft
Batting: RHB Ji-an See-to 0-0: Foul Ball, location: 2F
0-1: Foul Ball, location: 2F
0-2: Ball
1-2: Foul Ball, location: 2F
1-2: Ground out 2-3 (Groundball, 2L, EV 64.4 MPH)
Batting: RHB Hidemitsu Matsuno 0-0: Called Strike
0-1: Ball
1-1: Ball
2-1: Ball
3-1: Base on Balls
Pitching: RHP Lorenzo Gutierrez
Batting: RHB Cruz Castro 0-0: Called Strike
0-1: Foul Ball, location: 2F
0-2: Strikes out swinging
Batting: RHB Dennis Bennett 0-0: Called Strike
0-1: Ball
1-1: Ball
2-1: Called Strike
2-2: Strikes out swinging, 2-3 out at first.
Top of the 8th over - 2 runs, 2 hits, 0 errors, 1 left on base; Coastal Carolina University 4 - University of Minnesota 6
BOTTOM OF THE 8TH
University of Minnesota Golden Gophers batting - Pitching for Coastal Carolina University Chanticleers : RHP Melchior Hartman
Batting: RHB Mario Mata 0-0: Ball
1-0: Ball
2-0: Fly out, F4 (Line Drive, 4, EV 68.8 MPH)
Batting: LHB Moriaki Saito 0-0: Swinging Strike
0-1: Ball
1-1: Ball
2-1: Foul Ball, location: 2F
2-2: Ball
3-2: Ground out 3-1 (Groundball, 34S, EV 76.9 MPH)
Batting: RHB Tim Starks 0-0: Ground out 5-3 (Groundball, 15, EV 82.5 MPH)
Bottom of the 8th over - 0 runs, 0 hits, 0 errors, 0 left on base; Coastal Carolina University 4 - University of Minnesota 6
TOP OF THE 9TH
Coastal Carolina University Chanticleers batting - Pitching for University of Minnesota Golden Gophers : RHP Lorenzo Gutierrez
Batting: RHB Mario Martinez 0-0: Foul Ball, location: 2F
0-1: Ball
1-1: Ball
2-1: SINGLE (Groundball, 4D, EV 106.9 MPH)
Batting: RHB Chris Marcellus 0-0: Fielders Choice at 2nd, 6-4 (Groundball, 6, EV 90.6 MPH)
Batting: RHB Mennad Maalik 0-0: Ball
1-0: Ball
2-0: Foul Ball, location: 2F
2-1: Called Strike
2-2: SINGLE (Line Drive, 89S, EV 111.9 MPH)
Chris Marcellus to second
Pitching: RHP Onne Stubbe
Batting: RHB Justin Klein 0-0: Ball
1-0: Fielders Choice at 2nd, 6-4 (Groundball, 6, EV 85.0 MPH)
Chris Marcellus to third
Batting: RHB Masakuni Takeuchi 0-0: Ball
1-0: Ball
2-0: SINGLE (Groundball, 4MD, EV 100.0 MPH)
Chris Marcellus scores
Justin Klein to second
Batting: RHB Ji-an See-to 0-0: Ball
1-0: Called Strike
1-1: Swinging Strike
1-2: Fly out, F8 (Flyball, 8LM, EV 95.6 MPH)
Top of the 9th over - 1 run, 3 hits, 0 errors, 2 left on base; Coastal Carolina University 5 - University of Minnesota 6
Wednesday, June 22nd , 2022 - OOTP Baseball 23.4 Build 64